 Dungeon Crawl Stone Soup version 0.30.1-3-gfc49f6343a (webtiles) character file.

Game seed: 960432344064349928

5 Zeor the Sneak (level 1, 0/9 HPs)
             Began as a Vine Stalker Enchanter on Aug 9, 2023.
             Slain by a quokka (1 damage)
             ... on level 1 of the Dungeon.
             The game lasted 00:01:12 (140 turns).

Zeor the Sneak (Vine Stalker Enchanter)              Turns: 140, Time: 00:01:13

Health: 0/9        AC:  2    Str: 10    XL:     1   Next: 80%
Magic:  0/4        EV: 12    Int: 15    God:
Gold:   24         SH:  0    Dex: 14    Spells: 4/4 levels left

rFire   . . .        a - +1 dagger
rCold   . . .        (no shield)
rNeg    + . .        b - +0 robe
rPois   .            (no helmet)
rElec   .            (no cloak)
rCorr   .            (no gloves)
SInv    .            (no boots)
Will    .....        (no amulet)
Stlth   ++           f - ring of positive energy
HPRegen 0.21/turn    (no ring)
MPRegen 0.09/turn

%: guardian spirit
@: no status effects
A: fangs 2, magic shield, antimagic bite, no potion heal 2
a: no special abilities


You were on level 1 of the Dungeon.
You visited 1 branch of the dungeon, and saw 1 of its levels.

You collected 24 gold pieces.

Inventory:

Hand Weapons
 a - a +1 dagger (weapon)
Armour
 b - a +0 robe (worn)
Jewellery
 f - a ring of positive energy (left hand)
Scrolls
 e - a scroll of identify {unknown}
Potions
 c - 2 potions of invisibility
 d - a potion of berserk rage {unknown}


   Skills:
 + Level 0.8 Short Blades
 + Level 1.5 Dodging
 + Level 3.8 Stealth
 * Level 2.2 Spellcasting
 + Level 3.2 Hexes


You had 4 spell levels left.
You didn't know any spells.
Your spell library contained the following spells:

 Spells                   Type           Power      Damage    Failure   Level
 Ensorcelled Hibernation  Hex/Ice        12%        N/A       17%         2
 Confusing Touch          Hex            11%        N/A       17%         3
 Tukima's Dance           Hex            11%        N/A       17%         3
 Cigotuvi's Dreadful Rot  Necr/Pois/Air  2%         N/A       32%         2
 Dazzling Flash           Conj/Hex       12%        N/A       32%         3
 Ignite Poison            Fire/Tmut/Pois 1%         N/A       54%         3
 Freezing Cloud           Conj/Ice/Air   0%         6-21      99%         5


Dungeon Overview and Level Annotations

Branches:
Dungeon (1/15)

Altars:


Innate Abilities, Weirdness & Mutations

You have extremely sharp teeth.
When hurt, damage is shared between your health and your magic reserves.
Your bite disrupts and absorbs the magic of your enemies.
Potions cannot restore your health.


Message History

f - a ring of positive energy
f - a ring of positive energy (left hand)
An endoplasm comes into view.
The helpless endoplasm fails to defend itself.
You puncture the endoplasm!
You kill the endoplasm!
Found 11 gold pieces.
Found a stone staircase leading down.
A goblin comes into view. It is wielding a +0 dagger.
The goblin shouts!
A quokka comes into view. x2
The goblin closely misses you. The goblin attacks as you move away!
The goblin closely misses you. The goblin attacks as you move away!
The goblin hits you with a +0 dagger.
You barely miss the goblin. The goblin barely misses you.
You hit the goblin. You bite the goblin.
You kill the goblin!
You closely miss the quokka. The quokka barely misses you. x2
You hit the quokka but do no damage. Your bite misses the quokka.
The quokka closely misses you.
You hit the quokka but do no damage. You bite the quokka. You drain its power.
You feel invigorated.
The quokka is heavily wounded.
The quokka bites you but does no damage.
The quokka bites you.
You hit the quokka but do no damage. You bite the quokka. You drain its power.
You feel invigorated.
The quokka is severely wounded.
The quokka bites you.
The quokka bites you but does no damage.
You are too injured to fight recklessly!
You are too injured to fight recklessly!
You closely miss the quokka.
The quokka is severely wounded.
The quokka closely misses you. The quokka bites you.
* * * LOW HITPOINT WARNING * * *
You hit the quokka.
The quokka is almost dead.
The quokka barely misses you. The quokka bites you.
You die... ▒▒▒▒▒▒▒∙▒▒▒ ▒∙▒∙∙∙∙∙∙∙ ▒∙∙∙∙∙r∙∙∙∙ ▒∙∙∙∙∙∙∙∙∙ ▒∙∙∙∙∙∙∙∙∙∙ ∙∙▒∙∙∙∙∙∙∙ ▒∙∙$>∙r∙∙∙∙ ∙∙∙∙∙∙∙∙∙∙∙

▒∙▒▒▒∙∙∙∙∙∙∙∙∙
▒▒▒▒∙▒▒▒▒∙∙ ▒∙∙∙∙∙∙∙▒
∙∙∙∙∙∙∙∙▒ ▒▒▒▒▒∙∙∙▒▒
▒▒∙▒▒▒▒∙∙ ▒∙∙∙r▒▒ ▒∙∙
▒▒∙∙∙ ▒∙∙∙rf▒▒▒▒▒▒
▒^▒▒▒∙∙∙∙
▒∙▒▒∙∙∙∙∙∙∙▒▒▒∙▒∙∙∙∙∙∙
▒∙ ▒∙∙∙∙∙▒∙∙∙∙∙∙∙∙▒▒∙∙
∙∙ ▒∙∙∙∙∙▒∙∙∙∙∙▒▒∙▒▒∙∙
∙∙∙ ▒∙∙∙∙∙▒∙∙∙∙∙▒▒∙▒▒∙∙
▒∙∙∙∙∙∙∙∙∙∙▒∙∙∙∙∙∙▒∙▒▒∙∙
▒∙ ∙▒▒∙∙∙∙∙▒▒▒▒▒▒∙∙∙▒ ∙∙
∙ ▒∙∙∙∙∙▒ ▒▒▒▒▒ ▒▒
▒∙∙∙∙∙∙


You could see 2 quokkas.

Vanquished Creatures
  An endoplasm (D:1)
  A goblin (D:1)
  2 hobgoblins (D:1)
4 creatures vanquished.

Notes
Turn   | Place    | Note
-------+----------+-------------------------------------------
     0 | D:1      | Zeor the Vine Stalker Enchanter began the quest for the
                  | Orb.
     0 | D:1      | Reached XP level 1. HP: 9/9 MP: 4/4
   140 | D:1      | Slain by a quokka

Illustrated notes

Levels and vault maps discovered:
D:1:      minmay_arrival_nine_rooms, layout_rooms, serial_shops, shop

Action                     || total
---------------------------++-------
  Melee: Dagger            ||    15
         Bite              ||     4
   Stab: Sleeping          ||     2
 Armour: Robe              ||     2
  Dodge: Dodged            ||    10
